 Dungeon Crawl Stone Soup version 0.30-a0-965-g42e074c17a (webtiles) character file.

Game seed: 4174309101057920832

161 cforsyth the Trooper (level 5, -2/43 HPs)
             Began as a Formicid Fighter on Mar 30, 2023.
             Slain by a sleepcap (20 damage)
             ... on level 4 of the Dungeon.
             The game lasted 00:02:33 (3201 turns).

cforsyth the Trooper (Formicid Fighter)             Turns: 3201, Time: 00:02:34

Health: -2/43      AC:  6    Str: 22    XL:     5   Next: 70%
Magic:  5/5        EV:  2    Int: 14    God:
Gold:   233        SH:  0    Dex: 13    Spells: 4/4 levels left

rFire   . . .      SeeInvis +    a - +0 flail
rCold   . . .      Faith    .    c - +0 buckler
rNeg    . . .      Spirit   .    b - +0 scale mail
rPois   .          Reflect  .    (helmet unavailable)
rElec   .          Rampage  .    (no cloak)
rCorr   .                        (no gloves)
Will    .....                    (no boots) Stlth
                                 (no amulet)
HPRegen 0.27/turn                h - +6 ring of intelligence
MPRegen 0.09/turn                (no ring)

@: sleeping
A: permanent stasis, dig shafts and tunnels, antennae 3, four strong arms
a: Dig, Shaft Self


You were on level 4 of the Dungeon.
You visited 1 branch of the dungeon, and saw 4 of its levels.

You collected 233 gold pieces.

Inventory:

Hand Weapons
 a - a +0 flail (weapon)
Missiles
 p - a throwing net
Armour
 b - a +0 scale mail (worn)
 c - a +0 buckler (worn)
Jewellery
 h - a +6 ring of intelligence (left hand)
Scrolls
 e - a scroll of teleportation {unknown}
 f - 2 scrolls of magic mapping
 i - a scroll of vulnerability {unknown}
 j - 3 scrolls of immolation {unknown}
 m - 3 scrolls of identify {unknown}
 n - a scroll of poison {unknown}
 o - a scroll of enchant weapon {unknown}
 q - a scroll of acquirement {unknown}
 u - 2 scrolls of silence {unknown}
Potions
 d - a potion of might
 g - a potion of ambrosia {unknown}
 k - 3 potions of lignification {unknown}
 l - a potion of mutation {unknown}
 r - a potion of berserk rage {unknown}
 s - a potion of resistance {unknown}
 t - 2 potions of attraction {unknown}
 v - a potion of haste {unknown}


   Skills:
 + Level 4.6 Fighting
 * Level 4.5 Maces & Flails
 - Level 3.2 Armour
 - Level 4.0 Shields


You had 4 spell levels left.
You didn't know any spells.
Your spell library contained the following spells:

 Spells                   Type           Power      Damage    Failure   Level
 Freeze                   Ice            0%         1d3       67%         1
 Ensorcelled Hibernation  Hex/Ice        0%         N/A       80%         2
 Passwall                 Tmut/Erth      0%         N/A       80%         2
 Frozen Ramparts          Ice            0%         1d1       95%         3
 Hailstorm                Conj/Ice       0%         3d3       95%         3
 Swiftness                Air            Unusable   N/A       N/A         3

Dungeon Overview and Level Annotations

Branches:
Dungeon (4/15)
 Temple: D:4-7

Altars:
Hepliaklqana
Xom

Shops:
D:2 =


Innate Abilities, Weirdness & Mutations

You cannot be hasted, slowed, berserked, paralysed or teleported.
You can dig through walls and to a lower floor.
You have a pair of large antennae on your head. (SInv)
Your four strong arms can wield two-handed weapons with a shield.


Message History

It was a scroll of magic mapping.
The sleepcap releases spores at you.
You hit the sleepcap.
The sleepcap is lightly damaged.
The sleepcap releases spores at you.
You are engulfed in a cloud of soporific spores!
You fall asleep.
The sleepcap releases spores at you!
You wake up.
Unknown command.
Unknown command.
Unknown command.
You hit the sleepcap.
The sleepcap is lightly damaged.
The sleepcap releases spores at you.
You are engulfed in a cloud of soporific spores!
You are unaffected.
You hit the sleepcap but do no damage.
The sleepcap is lightly damaged.
The sleepcap releases spores at you.
You are engulfed in a cloud of soporific spores!
You are unaffected.
You hit the sleepcap.
The sleepcap is moderately damaged.
The sleepcap releases spores at you. You block the sleepcap's attack.
You are too injured to fight recklessly!
You are too injured to fight recklessly!
You are too injured to fight recklessly!
You are too injured to fight recklessly!
You are too injured to fight recklessly!
You are too injured to fight recklessly!
You are too injured to fight recklessly!
You are too injured to fight recklessly!
You are too injured to fight recklessly!
You hit the sleepcap.
The sleepcap is heavily damaged.
The sleepcap releases spores at you.
You are engulfed in a cloud of soporific spores!
You fall asleep.
The sleepcap releases spores at you!!
You die...

***####** *,.....,* *,.....,*
********####** *......,********
,,,,,,,,..!..#####...<..,,,,,,,,,
***********#............,********
** **#.<@f......,,* * ,*
#.###..>...,,* * ,** *******#.*
**#####*,* * ,,*****,,,,,,..* *,*
* ,,,,,**,****###* *,*******
,,,*,**,* *,*,,,,,, ,,,*,**,*
*,*,***** **,*,**,* *,,,*
,*,*,**,* ***,*


You could see a sleepcap.

Vanquished Creatures
  Jessica (D:2)
  An orc wizard (D:3)
  3 gnolls (D:2)
  2 adders (D:2)
  4 orcs (D:3)
  9 bats
  8 endoplasms
  2 giant cockroaches
  9 goblins
  4 hobgoblins
  4 kobolds
  2 ball pythons
  4 frilled lizards
  6 rats
59 creatures vanquished.

Vanquished Creatures (others)
  A rat (D:3)
1 creature vanquished.

Grand Total: 60 creatures vanquished

Notes
Turn   | Place    | Note
-------+----------+-------------------------------------------
     0 | D:1      | cforsyth the Formicid Fighter began the quest for the Orb.
     0 | D:1      | Reached XP level 1. HP: 18/18 MP: 1/1
    45 | D:1      | Reached XP level 2. HP: 20/24 MP: 2/2
   911 | D:1      | Reached XP level 3. HP: 29/29 MP: 3/3
  1285 | D:2      | Noticed Jessica
  1289 | D:2      | Killed Jessica
  1290 | D:2      | Reached XP level 4. HP: 21/37 MP: 4/4
  1605 | D:2      | Reached XP level 5. HP: 42/42 MP: 5/5
  1901 | D:2      | Found Ydudalud's Jewellery Shop.
  2258 | D:3      | Found a shimmering altar of Xom.
  3056 | D:3      | Found a hazy altar of Hepliaklqana.
  3201 | D:4      | Slain by a sleepcap

Illustrated notes

Levels and vault maps discovered:
D:1:      dpeg_arrival_morbid_curiosity, layout_loops_corners
D:2:      layout_basic, serial_shops, shop, uniq_jessica
D:3:      kennysheep_big_flooded_room, layout_basic, marbit_many_paths,
          xom_confusion_cloud
D:4:      layout_loops_ring, mainiacjoe_overflow_catwalk,
          mainiacjoe_overflow_tiny_flanked, nicolae_ossuary_entry_plus

Skill      XL: |  1  2  3  4 |
---------------+-------------+-----
Maces & Flails | 3 4 |  4.5
Fighting       | 4 |  4.6
Armour         | |  3.2
Shields        | |  4.0

Action                     |  1- 3 |  4- 6 || total
---------------------------+-------+-------++-------
  Melee: Flail             |    65 |   100 ||   165
    Use: Scroll            |       |     1 ||     1
 Armour: Scale mail        |    26 |    41 ||    67
  Dodge: Dodged            |    27 |    43 ||    70
  Block: Buckler           |    23 |    25 ||    48

Table legend: (Time is in decaauts)
 A = Elapsed time spent in this place.
 B = Non-inter-level travel time spent in this place.
 C = Inter-level travel time spent in this place.
 D = Time resting spent in this place.
 E = Time spent auto-exploring this place.
 F = Levels seen in this place.
 G = Mean time per level.
                   A        B        C        D        E       F      G
               +--------+--------+--------+--------+--------+-----+--------+
         Total |   3243 |   3146 |     97 |      0 |   2636 |   4 |  810.8 |
       Dungeon |   3243 |   3146 |     97 |      0 |   2636 |   4 |  810.8 |
               +--------+--------+--------+--------+--------+-----+--------+

Top non-repeatable levels by time:
     D:1: 1103 daAuts
     D:3: 1069 daAuts
     D:2: 1060 daAuts
     D:4: 10 daAuts
